 Dungeon Crawl Stone Soup version 0.22-a0-196-gee22f27 (webtiles) character file.

1875 4thArraOfDagon the Fighter (level 8, 0/78 HPs)
             Began as a Demigod Gladiator on Feb 17, 2018.
             Slain by a hellwing (8 damage)
             ... on level 10 of the Dungeon.
             The game lasted 00:12:28 (3133 turns).

4thArraOfDagon the Fighter (Demigod Gladiator)      Turns: 3133, Time: 00:12:29

Health: 0/78       AC: 11    Str: 22    XL:     8   Next: 60%
Magic:  10/10      EV: 11    Int: 19    God:
Gold:   65         SH:  0    Dex: 17    Spells: 7/7 levels left

rFire    + + .     SeeInvis .   a - +1 quarterstaff
rCold    x . .     Gourm    +   (shield currently unavailable)
rNeg     . . .     Faith    .   v - +0 fire dragon scales
rPois    .         Spirit   .   l - +0 helmet
rElec    .         Reflect  .   (no cloak)
rCorr    .         Harm     .   (no gloves)
MR       .....                  (no boots)
Stlth    ..........             j - amulet of the gourmand
HPRegen  0.23/turn              r - +3 ring of intelligence
MPRegen  0.12/turn              (no ring)

@: mighty
A: high mp 1
a: no special abilities


You were on level 10 of the Dungeon.
You were not hungry.

You visited 1 branch of the dungeon, and saw 10 of its levels.
You also visited: Sewer.

You collected 324 gold pieces.
You spent 259 gold pieces at shops.

Inventory:

Hand Weapons
 a - a +1 quarterstaff (weapon)
Armour
 b - a +0 leather armour
 c - a +0 helmet
 g - a +0 chain mail
 l - a +0 helmet (worn)
 v - +0 fire dragon scales (worn)
Jewellery
 j - an amulet of the gourmand (around neck)
 r - a +3 ring of intelligence (left hand)
Wands
 m - a wand of paralysis (1)
 t - a wand of random effects (24)
 u - a wand of polymorph (10)
Scrolls
 i - 4 scrolls of remove curse
 k - 2 scrolls of enchant weapon
 n - 3 scrolls of magic mapping
 o - a scroll of fear
 q - 2 scrolls of noise
 s - 3 scrolls of identify
 w - a scroll of enchant armour {unknown}
 x - a scroll of random uselessness
Potions
 e - 4 potions of cancellation
 p - 2 potions of might
Comestibles
 f - 10 rations


   Skills:
 - Level 9.1 Fighting
 - Level 3.4 Staves
 - Level 1.7 Throwing
 * Level 5.0 Armour
 - Level 3.0 Dodging


You had 7 spell levels left.
You didn't know any spells.

Dungeon Overview and Level Annotations

Branches:
Dungeon (10/15)
 Temple: D:4-7         Lair: D:8-11         Orc: D:9-12

Shops:
D:4 !?[(   D:5 :   D:8 ?

Annotations:
D:5 Prince Ribbit


Innate Abilities, Weirdness & Mutations

You have an increased reservoir of magic. (+10% MP)


Message History

The hellwing is caught in the net!
The hellwing is heavily wounded.
The hellwing struggles against the net.
You thump the hellwing!
The hellwing is severely wounded.
The hellwing struggles against the net.
You strike the helpless hellwing from behind!
You hit the hellwing.
The hellwing is severely wounded.
The hellwing struggles against the net.
The shadow imp shouts, "Leave, thou puny earth-vexing beggar!"
You hit the hellwing but do no damage.
The hellwing is severely wounded.
The hellwing struggles against the net.
You completely miss the hellwing.
The hellwing is severely wounded.
The hellwing struggles against the net.
The net rips apart, and the hellwing comes free!
The hellwing hits you!
You die...

### #@# #4# #5#
#.# ######
#.#######. #.....#
#....4.... .......
#.....5... ....#..
#.######## ..§.§≈≈
#.#########..§§≈≈≈


You could see a hellwing and a shadow imp.

Vanquished Creatures
  A centaur zombie (D:10)
  Grinder (D:3)
  2 insubstantial wisps (D:10)
  4 sky beasts
  2 ogres
  A scorpion (D:4)
  A killer bee (D:10)
  A howler monkey (D:6)
  A crimson imp (D:10)
  A bullfrog zombie (D:6)
  2 hounds
  A jelly (D:6)
  3 worker ants
  A hound skeleton (D:4)
  A howler monkey zombie (D:8)
  A worker ant zombie (D:5)
  10 adders
  A shadow imp (D:10)
  2 worms
  3 dart slugs
  2 leopard geckos
  3 orcs
  3 ball pythons
  5 giant cockroaches
  4 goblins
  4 hobgoblins
  5 jackals
  A quokka (D:4)
  6 bats
  3 frilled lizards
  5 kobolds
  A quokka zombie (D:5)
  5 rats
87 creatures vanquished.

Notes
Turn   | Place    | Note
-------+----------+-------------------------------------------
     0 | D:1      | 4thArraOfDagon the Demigod Gladiator began the quest for the Orb.
     0 | D:1      | Reached XP level 1. HP: 17/17 MP: 3/3
   119 | D:2      | Reached skill level 2 in Fighting
   231 | D:1      | Reached XP level 2. HP: 9/24 MP: 4/4
   888 | D:2      | Reached XP level 3. HP: 20/29 MP: 5/5
  1040 | D:3      | Found a glowing drain.
  1064 | D:3      | Reached skill level 3 in Fighting
  1106 | Sewer    | Entered a sewer
  1263 | D:4      | Found Kiuheag's Distillery.
  1271 | D:4      | Bought a potion of might for 48 gold pieces
  1271 | D:4      | Bought a potion of berserk rage for 60 gold pieces
  1271 | D:4      | Bought a potion of might for 48 gold pieces
  1285 | D:4      | Reached XP level 4. HP: 38/38 MP: 6/6
  1318 | D:4      | Noticed a phantom
  1490 | D:4      | Noticed an ogre
  1491 | D:4      | Found Wenitiat's Armour Emporium.
  1493 | D:3      | Noticed Grinder
  1497 | D:3      | Paralysed by Grinder for 4 turns
  1521 | D:3      | Paralysed by Grinder for 2 turns
  1536 | D:3      | Killed Grinder
  1536 | D:3      | Reached skill level 5 in Fighting
  1536 | D:3      | Reached XP level 5. HP: 28/48 MP: 7/7
  1560 | D:4      | Reached XP level 6. HP: 37/57 MP: 8/8
  1571 | D:4      | Reached skill level 6 in Fighting
  1591 | D:4      | Found Muox's Antique Weapon Boutique.
  1680 | D:4      | Found Sanle's Magic Scroll Shoppe.
  1684 | D:4      | Bought a scroll of fear for 45 gold pieces
  1765 | D:5      | Entered Level 5 of the Dungeon
  2036 | D:5      | Found a shattered altar of Ashenzari.
  2079 | D:5      | Noticed Prince Ribbit
  2193 | D:5      | Found Agidag's Book Shop.
  2351 | D:6      | Reached XP level 7. HP: 46/64 MP: 9/9
  2385 | D:6      | Reached skill level 7 in Fighting
  2673 | D:7      | Reached skill level 8 in Fighting
  2682 | D:7      | Noticed a hippogriff
  2711 | D:8      | Found Gepnikke's Magic Scroll Shop.
  2719 | D:8      | Bought a scroll of random uselessness for 13 gold pieces
  2719 | D:8      | Bought a scroll of magic mapping for 45 gold pieces
  2724 | D:8      | Noticed a cyan ugly thing
  2740 | D:8      | Noticed a two-headed ogre
  2755 | D:10     | Entered Level 10 of the Dungeon
  2799 | D:10     | Reached skill level 9 in Fighting
  2799 | D:10     | Reached XP level 8. HP: 20/78 MP: 10/10
  3007 | D:10     | Reached skill level 1 in Armour
  3060 | D:10     | Reached skill level 5 in Armour
  3096 | D:10     | Noticed a hellwing
  3133 | D:10     | Slain by a hellwing

Vault maps used:
D:1:      moated_graveyard_arrival, minmay_domino_2
D:2:      overflow_temple_1_default
D:3:      tgw_fedhas, first_ration, portal_sewer_entry_b, uniq_grinder
D:4:      nemelex_xobeh_ov_fountains_minmay, serial_shops, shop, shop,
          nicolae_shop_statue_plus, shop, nicolae_shop_trees,
          hangedman_decor_riveting
D:5:      ashenzari_conservatory_becter, serial_shops, nicolae_shop_waterfront,
          uniq_prince_ribbit1
D:6:      grunt_gozag_statues
D:7:      minmay_temple_entry_enclosed_plants, uniq_joseph
D:8:      lemuel_round_altar, david_lair_shrubbed, serial_shops, shop
D:9:      marbit_many_paths, grunt_dithmenos_shadows, zin_treasury,
          grunt_ministairs_13
D:10:     cheibrodos_grave_circle, hangedman_fish_farm, hangedman_misty_isle
Sewer:    sewer_co_15_rooms

Skill      XL: |  1  2  3  4  5  6  7  8 |
---------------+-------------------------+-----
Fighting       | 2 3 5 6 9 |  9.1
Staves         | 3 |  3.4
Dodging        | 3 |  3.0
Armour         | 5 |  5.0
Throwing       | |  1.7

Action                   |  1- 3 |  4- 6 |  7- 9 || total
-------------------------+-------+-------+-------++-------
Melee: Quarterstaff      |   134 |   113 |   135 ||   382
Throw: Throwing net      |       |       |     3 ||     3
Evoke: Wand              |       |     4 |     4 ||     8
  Use: Potion            |     2 |     4 |     3 ||     9
       Scroll            |     2 |     1 |     7 ||    10
 Stab: Sleeping          |     1 |       |       ||     1
       Paralysed         |       |     4 |     8 ||    12
       Held in net/web   |       |       |     3 ||     3
  Eat: Chunk             |     3 |     4 |       ||     7
       Ration            |       |       |     1 ||     1
Armor: Leather armour    |     3 |       |       ||     3
       Chain mail        |    72 |    83 |     4 ||   159
       Fire dragon scale |       |       |    71 ||    71
       Skin              |       |       |     7 ||     7
Dodge: Dodged            |    75 |    80 |    65 ||   220

Table legend:
 A = Spawn XP
 B = Non-spawn XP
 C = Spawn XP percentage of total XP
 D = Spawn monster count
 E = Non-spawn monster count
 F = Spawn count percentage of total count
 G = Total turns spent on level
                    A         B        C        D         E        F      G
               +---------+---------+-------+---------+---------+-------+---------
         Total |       0 |    2679 |   0.0 |       0 |      87 |   0.0 |  3133
               +---------+---------+-------+---------+---------+-------+---------
           D:1 |       0 |      22 |   0.0 |       0 |      13 |   0.0 |   759
           D:2 |       0 |      43 |   0.0 |       0 |       9 |   0.0 |   199
           D:3 |       0 |     325 |   0.0 |       0 |      24 |   0.0 |   360
           D:4 |       0 |     289 |   0.0 |       0 |      12 |   0.0 |   446
           D:5 |       0 |     173 |   0.0 |       0 |       9 |   0.0 |   561
           D:6 |       0 |     142 |   0.0 |       0 |       3 |   0.0 |   147
           D:7 |       0 |     306 |   0.0 |       0 |       6 |   0.0 |   221
           D:8 |       0 |      18 |   0.0 |       0 |       2 |   0.0 |    46
          D:10 |       0 |    1361 |   0.0 |       0 |       9 |   0.0 |   378
               +---------+---------+-------+---------+---------+-------+---------
